Map: 얼어붙은 사원

Players

llllllllllll (Scarlett) - Winner!

  • Race: Zerg Zerg
  • League: Grandmaster

Mamuri

  • Race: Zerg Zerg
  • League: Grandmaster

VOD

Have the link to the VOD?

Description

Time

  • Played on: April 10, 2016, 10:26 a.m.
  • Length: 7:59
Show
View Real Time Build Order
Export as new Build Order

llllllllllll Zerg - Winner!

Build Orders: Pool First 

Get SALT Encoding   

  12  0:01  Drone  
  13  0:10  Drone  
  14  0:17  Overlord  
  14  0:25  Extractor, Drone  
  15  0:36  Drone x2  
  17  0:45  Spawning Pool  
  17  0:47  Drone  
  17  0:53  Extractor  
  17  0:55  Drone  
  17  1:06  Drone  
  18  1:18  Hatchery  
  18  1:21  Drone  
  18  1:31  Queen  
  20  1:34  Drone  
  21  1:44  Overlord  
  21  1:49  Zergling x2  
  22  2:00  Metabolic Boost  
  22  2:04  Drone  
  22  2:07  Queen  
  25  2:11  Evolution Chamber  
  24  2:18  Drone  
  25  2:24  Drone  
  26  2:30  Queen  
  26  2:31  Drone  
  29  2:37  Zerg Melee Weapons Level 1  
  29  2:43  Drone  
  29  2:44  Drone  
  31  2:45  Drone  
  31  2:49  Overlord  
  32  2:53  Zergling x2  
  32  2:55  Zergling x2  
  32  2:57  Zergling x2  
  35  3:02  Drone  
  36  3:19  Drone x8  
  44  3:27  Overlord  
  44  3:30  Overlord  
  44  3:37  Spine Crawler  
  44  3:41  Lair  
  43  3:44  Extractor  
  43  3:46  Zergling x4  
  44  3:50  Zergling x6  
  47  3:56  Queen  
  49  4:02  Spine Crawler  
  44  4:20  Zergling x12  
  44  4:21  Baneling Nest  
  45  4:29  Zergling x4  
  45  4:30  Spine Crawler  
  44  4:32  Queen  
  44  4:36  Zergling x6  
  47  4:56  Drone  
  47  4:57  Drone x3  
  47  5:01  Drone x2  
  47  5:04  Spire  
  48  5:09  Drone x2  
  48  5:12  Extractor  
  48  5:13  Extractor  
  48  5:16  Zergling x6  
  49  5:24  Zerg Melee Weapons Level 2  
  49  5:25  Zergling x2  
  49  5:26  Zergling x2  
  51  5:31  Drone  
  52  5:44  Spine Crawler  
  52  5:46  Zergling x2  
  52  5:47  Zergling x8  
  55  5:58  Zergling x2  
  55  5:59  Zergling x8  
  59  6:09  Drone  
  45  6:21  Queen  
  45  6:22  Mutalisk x4  
  45  6:25  Mutalisk  
  57  6:37  Drone x3  
  60  6:46  Overlord  
  60  6:47  Overlord  
  60  6:52  Overlord  
  56  7:21  Mutalisk x3  
  56  7:23  Zergling x2  
  56  7:24  Zergling x8  
  56  7:30  Mutalisk  
  56  7:32  Drone x3  
  56  7:45  Drone x2  
Show
View Real Time Build Order
Export as new Build Order

Mamuri Zerg 

Build Orders: Hatch First, Zergling Baneling 

Get SALT Encoding   

  12  0:00  Drone  
  13  0:12  Overlord  
  13  0:17  Drone  
  14  0:31  Drone x2  
  14  0:35  Drone  
  17  0:52  Hatchery  
  17  0:55  Drone  
  17  0:58  Drone  
  18  1:10  Extractor  
  17  1:13  Spawning Pool  
  17  1:17  Drone  
  17  1:20  Drone  
  18  1:28  Drone  
  19  1:42  Overlord  
  19  2:00  Queen, Zergling x4  
  23  2:03  Queen  
  23  2:05  Drone  
  26  2:11  Drone  
  26  2:12  Metabolic Boost  
  26  2:15  Drone  
  28  2:24  Spine Crawler  
  27  2:30  Drone x2  
  27  2:35  Baneling Nest  
  28  2:39  Drone x2  
  31  2:58  Overlord  
  31  2:59  Hatchery  
  31  3:01  Zergling x2  
  31  3:06  Zergling x4  
  31  3:10  Zergling x2  
  31  3:11  Zergling x2  
  35  3:15  Overlord  
  35  3:18  Zergling x2  
  36  3:22  Zergling x2  
  36  3:24  Zergling x2  
  36  3:25  Baneling x2  
  36  3:33  Zergling x6  
  39  3:34  Baneling  
  39  3:35  Baneling  
  39  3:38  Zergling x2  
  40  3:41  Zergling x2  
  40  3:43  Zergling x2  
  40  3:45  Zergling x2  
  43  3:49  Zergling x2  
  43  3:50  Zergling x2  
  43  3:53  Zergling x2  
  46  3:55  Zergling x2  
  46  3:57  Zergling x2  
  48  4:03  Baneling  
  48  4:04  Baneling x4  
  46  4:14  Zergling x4  
  44  4:21  Zergling x6  
  44  4:22  Zergling x2  
  39  4:28  Zergling x4  
  39  4:31  Zergling x2  
  41  4:33  Zergling x2  
  41  4:37  Zergling x2  
  39  4:39  Zergling x2  
  39  4:42  Baneling  
  39  4:43  Zergling x2  
  41  4:47  Zergling x2  
  41  4:50  Zergling x2  
  41  4:58  Zergling x2  
  41  4:59  Zergling x2  
  39  5:01  Zergling x4  
  39  5:02  Zergling x6  
  39  5:05  Zergling x4  
  42  5:11  Baneling x2  
  42  5:13  Zergling x4  
  44  5:17  Zergling x2  
  43  5:25  Zergling x6  
  46  5:30  Zergling x2  
  46  5:31  Zergling x4  
  46  5:32  Zergling x2  
  46  5:34  Zergling x2  
  51  5:37  Zergling x2  
  51  5:38  Baneling  
  51  5:39  Baneling  
  51  5:41  Baneling  
  51  5:42  Baneling  
  52  5:44  Baneling  
  52  5:45  Baneling  
  52  5:46  Baneling  
  52  5:47  Baneling  
  52  5:51  Drone  
  52  5:53  Drone  
  40  6:20  Zergling x8  
  40  6:22  Drone x7  
  51  6:26  Drone x3  
  51  6:30  Baneling x2  
  51  6:32  Drone x2  
  56  6:38  Queen  
  58  6:44  Extractor  
  57  6:47  Zergling x2  
  57  6:50  Overlord x2  
  57  6:53  Spore Crawler  
  57  6:55  Spore Crawler  
  56  7:02  Drone  
  56  7:03  Drone  
Tags
 
Add a new tag
Caveats
  • Supply blocks, unpowered buildings, or Contaminate may cause inaccurate times.
  • Supply counts are checked every 10 seconds.